Map: Caverne nascoste

Players

Shaorn

  • Race: Terran Terran

Coin

  • Race: Protoss Protoss

mortdouce

  • Race: Zerg Zerg

Джедай

  • Race: Terran Terran

Terminator - Winner!

  • Race: Terran Terran

JimdiGriz - Winner!

  • Race: Protoss Protoss
  • League: Bronze

Hartzfear - Winner!

  • Race: Terran Terran
  • League: Silver

Jhyrachy - Winner!

  • Race: Zerg Zerg
  • League: Gold

VOD

Have the link to the VOD?

Description

Time

  • Played on: April 12, 2016, 10:59 a.m.
  • Length: 16:17
Show
View Real Time Build Order
Export as new Build Order

Shaorn Terran 

Build Orders: MMM Bio 

Get SALT Encoding   

  12  0:01  SCV  
  13  0:27  Supply Depot  
  13  0:29  SCV  
  14  0:54  Barracks  
  14  0:57  Supply Depot  
  14  0:58  SCV  
  15  1:24  Barracks  
  15  1:48  Command Center  
  15  2:06  SCV  
  16  2:13  Refinery  
  16  2:14  Marine  
  16  2:15  Marine  
  18  2:18  SCV  
  19  2:31  Marine  
  19  2:33  Marine  
  19  2:36  Refinery  
  21  2:39  SCV  
  22  2:49  Marine  
  22  2:51  Marine  
  24  2:52  SCV  
  25  3:08  Marine  
  25  3:11  Marine  
  27  3:20  Engineering Bay  
  27  3:26  Marine  
  28  3:29  Marine  
  29  3:46  SCV  
  30  3:50  Barracks Tech Lab  
  30  3:58  SCV  
  31  4:05  Planetary Fortress  
  31  4:11  Refinery  
  31  4:12  SCV  
  32  4:36  Marine  
  33  4:40  Marauder  
  33  4:41  Refinery  
  33  4:44  Concussive Shells  
  35  4:51  SCV  
  36  5:01  Marauder  
  36  5:03  SCV  
  39  5:18  SCV  
  40  5:23  Marauder  
  40  5:26  Combat Shields  
  42  5:30  SCV  
  42  5:31  SCV  
  44  5:42  Terran Infantry Weapons Level 1  
  44  5:44  Marauder  
  46  6:16  Supply Depot  
  46  6:21  Supply Depot  
  46  6:37  SCV  
  46  6:38  Marauder  
  49  6:45  Supply Depot, Stimpack  
  49  6:48  Missile Turret  
  49  6:49  SCV  
  50  7:00  Factory  
  50  7:36  Missile Turret, Terran Infantry Armor Level 1  
  50  7:39  Missile Turret  
  50  8:04  SCV  
  50  8:05  Starport  
  51  8:16  SCV  
  52  8:20  Supply Depot  
  52  8:33  Barracks Reactor  
  52  8:38  Factory Reactor, Supply Depot  
  52  8:41  Supply Depot  
  52  8:46  Starport Tech Lab  
  52  8:52  Starport  
  52  8:53  Starport  
  52  8:57  Armory  
  50  9:27  Sensor Tower, Supply Depot  
  50  9:30  Hi-Sec Auto Tracking  
  31  10:02  Starport Reactor  
  31  10:06  Starport Reactor  
  31  10:13  Supply Depot  
  31  10:18  Terran Ship Weapons Level 1, Supply Depot  
  31  10:21  Fusion Core  
  31  10:23  Orbital Command  
  31  10:32  Supply Depot  
  31  10:38  Engineering Bay  
  31  10:41  Supply Depot  
  31  10:49  Missile Turret  
  31  10:53  Viking x4  
  39  10:59  SCV  
  40  11:11  SCV  
  41  11:23  SCV  
  42  11:31  Viking x2  
  46  11:35  SCV  
  47  11:40  Viking  
  47  11:45  Viking  
  51  12:01  SCV  
  52  12:08  Raven  
  52  12:14  SCV  
  55  12:21  Viking  
  55  12:22  Viking  
  59  12:43  Terran Ship Weapons Level 2  
  59  12:48  Viking x2  
  63  12:51  Raven  
  63  12:54  SCV  
  66  13:06  Viking  
  66  13:09  Viking  
  70  13:37  Viking x2  
  74  13:44  Sensor Tower  
  74  14:04  Viking  
  74  14:05  Viking  
  46  15:04  Viking x2  
  46  15:18  Viking x2  
Show
View Real Time Build Order
Export as new Build Order

Coin Protoss 

Build Orders:  

Get SALT Encoding   

  12  0:02  Probe (Chrono Boost)  
  13  0:12  Probe (Chrono Boost)  
  14  0:28  Probe (Chrono Boost)  
  15  0:36  Pylon  
  15  0:54  Probe (Chrono Boost)  
  16  1:00  Pylon  
  16  1:04  Probe (Chrono Boost)  
  17  1:15  Probe (Chrono Boost)  
  18  1:20  Assimilator  
  18  1:25  Assimilator  
  18  1:26  Probe (Chrono Boost)  
  19  1:35  Pylon  
  19  1:36  Probe (Chrono Boost)  
  20  1:47  Probe (Chrono Boost)  
  21  1:57  Probe (Chrono Boost)  
  21  1:58  Gateway  
  22  2:03  Forge  
  22  2:10  Pylon  
  22  2:12  Pylon  
  22  2:44  Nexus  
  22  2:48  Assimilator  
  22  2:52  Assimilator  
  22  2:56  Pylon  
  22  3:06  Pylon  
  22  3:10  Pylon  
  22  3:29  Cybernetics Core  
  22  3:50  Protoss Shields Level 1  
  22  3:56  Probe (Chrono Boost)  
  23  4:07  Probe (Chrono Boost)  
  24  4:17  Probe (Chrono Boost)  
  25  4:28  Probe (Chrono Boost)  
  26  4:39  Probe (Chrono Boost)  
  26  4:40  Pylon  
  26  4:41  Pylon  
  26  4:44  Pylon  
  26  4:45  Pylon  
  27  4:49  Probe (Chrono Boost)  
  28  5:06  Twilight Council  
  28  5:17  Stargate  
  28  5:18  Stargate  
  28  5:20  Stargate  
  28  5:22  Stargate  
  28  5:23  Pylon  
  28  5:24  Pylon  
  28  5:26  Pylon  
  28  5:28  Pylon  
  28  5:33  Probe (Chrono Boost)  
  29  5:44  Probe (Chrono Boost)  
  29  5:48  Protoss Air Armor Level 1  
  30  5:54  Probe (Chrono Boost)  
  31  6:00  Protoss Shields Level 2  
  31  6:05  Probe (Chrono Boost)  
  32  6:15  Probe (Chrono Boost)  
  32  6:18  Mothership Core (Chrono Boost)  
  35  6:26  Probe  
  36  6:38  Probe  
  37  6:50  Probe, Nexus  
  37  6:54  Assimilator  
  38  6:58  Assimilator  
  38  7:00  Pylon  
  38  7:02  Probe  
  39  7:14  Probe  
  40  7:26  Probe  
  41  7:38  Probe  
  41  7:41  Void Ray (Chrono Boost)  
  41  7:42  Protoss Air Weapons Level 1, Void Ray (Chrono Boost)  
  54  7:47  Void Ray (Chrono Boost)  
  54  7:51  Probe  
  55  7:57  Void Ray (Chrono Boost)  
  59  8:03  Probe  
  60  8:19  Fleet Beacon  
  60  8:26  Dark Shrine  
  60  8:29  Templar Archives  
  60  8:33  Pylon  
  60  8:35  Pylon  
  60  8:37  Pylon  
  60  8:40  Pylon  
  60  8:47  Void Ray (Chrono Boost)  
  64  8:54  Protoss Shields Level 3  
  64  9:04  Probe  
  64  9:08  Probe  
  66  9:14  Probe  
  67  9:20  Probe  
  74  9:25  Probe, Carrier (Chrono Boost)  
  75  9:33  Probe  
  75  9:35  Carrier (Chrono Boost)  
  82  9:40  Graviton Catapult  
  82  9:50  Probe  
  83  10:01  Probe  
  83  10:06  Nexus  
  84  10:12  Assimilator  
  84  10:14  Assimilator  
  84  10:28  Probe  
  90  10:35  Carrier (Chrono Boost)  
  91  10:37  Anion Pulse-Crystals  
  91  10:38  Probe  
  92  10:49  Probe  
  92  10:55  Carrier (Chrono Boost)  
  92  10:56  Carrier (Chrono Boost)  
  105  10:59  Probe  
  112  11:17  Carrier (Chrono Boost)  
  112  11:22  Protoss Air Weapons Level 2  
  118  12:00  Carrier (Chrono Boost)  
  118  12:10  Phoenix (Chrono Boost), Carrier (Chrono Boost)  
  126  12:32  Phoenix (Chrono Boost)  
  126  12:34  Phoenix (Chrono Boost)  
  139  13:00  Oracle (Chrono Boost)  
  139  13:01  Phoenix (Chrono Boost)  
  147  13:23  Carrier (Chrono Boost)  
  147  13:24  Tempest (Chrono Boost)  
  147  13:26  Carrier (Chrono Boost)  
  157  13:38  Protoss Air Armor Level 2  
  161  13:48  Tempest (Chrono Boost)  
  161  14:02  Carrier (Chrono Boost)  
  171  14:31  Void Ray (Chrono Boost)  
  171  14:37  Tempest (Chrono Boost)  
  149  14:45  Void Ray (Chrono Boost)  
  82  15:16  Void Ray (Chrono Boost)  
Show
View Real Time Build Order
Export as new Build Order

mortdouce Zerg 

Build Orders: Pool First 

Get SALT Encoding   

  12  0:03  Drone  
  13  0:14  Overlord  
  13  0:21  Drone  
  14  0:40  Extractor  
  14  0:42  Drone x2  
  15  0:43  Drone  
  16  0:54  Drone  
  17  1:05  Overlord  
  17  1:15  Spawning Pool  
  16  2:02  Zergling x4  
  16  2:03  Zergling x2  
  16  2:05  Metabolic Boost  
  16  2:07  Queen  
  21  2:36  Zergling x4  
  21  2:37  Zergling x2  
  24  2:44  Lair  
  18  4:36  Drone  
  19  4:41  Zergling x8  
  19  4:42  Zergling x2  
  24  4:55  Baneling Nest  
  24  4:57  Drone  
  24  5:15  Extractor  
  24  5:17  Zergling x4  
  24  5:18  Zergling x4  
  22  5:53  Baneling x2  
  22  5:54  Baneling x5  
  22  5:55  Baneling  
  21  6:28  Centrifical Hooks  
  21  6:32  Zergling x4  
  23  6:33  Zergling x4  
  25  7:12  Baneling x4  
  25  7:13  Baneling x4  
  18  7:51  Zergling x6  
  19  7:52  Zergling x4  
  23  8:02  Drone  
  24  8:20  Baneling x2  
  24  8:21  Baneling x4  
  24  8:22  Baneling x4  
  19  8:58  Hatchery  
  18  9:05  Overlord x4  
  18  9:18  Overseer  
  18  9:44  Zergling x4  
  18  9:45  Zergling x8  
  24  10:12  Baneling x2  
  24  10:13  Baneling x5  
  24  10:14  Baneling x4  
  24  10:15  Baneling  
  18  10:52  Zergling x10  
  23  11:01  Queen  
  25  11:06  Zergling x6  
  28  11:28  Baneling x3  
  28  11:29  Baneling x4  
  28  11:30  Baneling x4  
  28  11:31  Baneling  
  21  12:01  Drone x2  
  22  12:12  Drone x2  
  24  12:42  Drone x3  
  27  12:52  Extractor  
  27  12:57  Extractor  
  25  13:00  Drone  
  25  13:01  Drone x2  
  25  13:05  Drone x2  
  29  13:06  Drone  
  31  13:35  Spire  
  31  13:37  Spire  
  31  13:38  Drone  
  30  14:06  Infestation Pit  
  29  14:33  Zergling x4  
  29  14:34  Zergling x8  
  29  14:35  Zergling x4  
  19  15:17  Zergling x2  
  19  15:18  Zergling x8  
  19  15:19  Zergling x8  
  27  15:38  Baneling x3  
  27  15:39  Baneling x3  
  27  15:40  Baneling x4  
  27  15:41  Baneling x3  
Show
View Real Time Build Order
Export as new Build Order

Джедай Terran 

Build Orders: MMM Bio 

Get SALT Encoding   

  12  0:31  Supply Depot  
  12  0:39  Supply Depot  
  12  1:03  Barracks  
  12  1:10  Barracks  
  12  1:12  SCV  
  12  1:16  Refinery  
  13  1:21  Refinery  
  13  1:24  SCV  
  14  1:59  Engineering Bay  
  14  2:11  Orbital Command  
  14  2:15  Barracks Reactor  
  14  2:17  Marine  
  15  2:38  Marine  
  16  2:54  Marine x2  
  18  3:06  Barracks Tech Lab  
  18  3:16  Marine x2  
  20  3:22  SCV  
  21  3:34  SCV  
  21  3:35  Combat Shields  
  21  3:40  Marine  
  21  3:41  Marine x2  
  25  3:54  Terran Infantry Weapons Level 1  
  25  4:01  SCV  
  26  4:13  SCV  
  27  4:22  Factory  
  27  4:25  Marine x3, SCV  
  31  4:55  Stimpack  
  31  5:01  Supply Depot  
  31  5:08  Supply Depot  
  31  5:09  Supply Depot  
  31  5:11  Supply Depot  
  31  5:23  Marine x3, SCV  
  35  5:35  SCV  
  36  5:40  Marine x3  
  39  5:44  Starport  
  39  5:48  Terran Infantry Armor Level 1  
  39  5:58  Armory  
  39  6:08  Supply Depot  
  39  6:14  Marine x2  
  39  6:15  Marine  
  42  6:32  Marine x3  
  45  6:42  Sensor Tower  
  45  6:44  SCV  
  46  6:47  Starport Reactor  
  46  6:55  Concussive Shells  
  46  6:56  SCV  
  47  7:18  Marine  
  47  7:19  Marine x2  
  50  7:36  Marine x3  
  52  7:42  Hi-Sec Auto Tracking  
  53  7:56  Medivac  
  53  7:57  Medivac  
  57  8:20  Marine x2  
  57  8:21  Marine  
  57  8:26  Medivac  
  57  8:27  Medivac  
  64  8:29  Command Center  
  64  8:38  Marine x3  
  67  8:56  Marine x3  
  70  9:41  Marauder  
  30  10:02  Marauder  
  32  10:19  Marine x2  
  31  10:23  Marauder  
  33  10:35  Medivac x2  
  35  10:37  Marine x2  
  37  10:44  Marine  
  37  10:45  Terran Infantry Weapons Level 2  
  38  10:50  Orbital Command  
  38  10:55  Marine x2  
  40  11:00  Refinery  
  40  11:02  Marauder  
  42  11:05  Medivac x2  
  46  11:12  Marine  
  46  11:13  Marine  
  48  11:24  Marauder  
  50  11:35  Barracks  
  50  11:45  Marauder  
  52  11:51  Marine x2  
  54  12:02  Terran Vehicle And Ship Armor Level 1  
  54  12:07  Marauder  
  56  12:09  Marine x2  
  58  12:23  Refinery, Barracks Reactor  
  58  12:27  Marine x2  
  58  12:28  Marauder  
  62  12:44  Marine  
  62  12:45  Marine  
  62  12:49  Marauder  
  66  12:56  Supply Depot  
  66  13:02  Marine x2  
  68  13:11  Marauder  
  70  13:19  Supply Depot  
  70  13:20  Marine x2  
  70  13:25  Marine x2  
  74  13:32  Marauder  
  76  13:38  Marine x2  
  78  13:41  Supply Depot  
  78  13:43  Marine x2  
  80  13:54  Marauder  
  82  13:56  Marine x2  
  82  14:00  Marine x2  
  86  14:04  Supply Depot  
  86  14:06  Medivac x2  
  90  14:14  Marine x2  
  90  14:15  Marauder  
  94  14:18  Marine x2  
  60  14:28  Supply Depot  
  30  14:51  Supply Depot  
Show
View Real Time Build Order
Export as new Build Order

Terminator Terran - Winner!

Build Orders: MMM Bio 

Get SALT Encoding   

  12  0:04  SCV  
  13  0:16  SCV  
  14  0:28  SCV  
  15  1:10  Supply Depot  
  15  1:11  Supply Depot  
  15  1:31  SCV  
  16  1:34  Refinery  
  16  1:38  Refinery  
  16  1:41  Barracks  
  16  1:43  SCV  
  17  1:55  SCV  
  17  1:58  Supply Depot  
  17  2:01  Barracks  
  18  2:07  SCV  
  19  2:20  SCV  
  20  2:27  Supply Depot  
  20  2:32  Marine, SCV  
  22  2:44  SCV  
  23  2:49  Marine  
  24  2:56  SCV  
  25  2:58  Command Center  
  25  3:01  Marine  
  26  3:14  Orbital Command  
  26  3:46  Command Center  
  26  3:49  Marine  
  27  3:57  Marine  
  28  4:12  Marine  
  28  4:14  SCV  
  28  4:15  Marine  
  31  4:33  Marine, SCV  
  33  4:42  Factory  
  33  4:45  SCV  
  33  4:51  Marine  
  35  4:55  SCV  
  35  4:57  SCV  
  38  5:07  SCV  
  38  5:10  SCV  
  38  5:13  Barracks Reactor  
  39  5:16  Barracks Tech Lab  
  39  5:19  SCV  
  40  5:22  SCV  
  40  5:25  Supply Depot  
  40  5:26  Factory Tech Lab  
  41  5:30  Engineering Bay  
  41  5:33  Starport  
  41  5:34  Orbital Command  
  41  5:37  Orbital Command  
  41  5:40  Combat Shields  
  41  5:49  Marine x2  
  43  5:58  Starport  
  43  6:05  Missile Turret  
  43  6:07  Missile Turret, Marine x2  
  45  6:17  Refinery, SCV  
  46  6:20  Marauder  
  46  6:25  Marine x2  
  49  6:29  Missile Turret, SCV  
  51  6:35  Siege Tank  
  54  6:41  SCV  
  54  6:43  Marine x2  
  54  6:45  Missile Turret, Starport Tech Lab  
  57  6:50  Refinery, Starport Reactor  
  57  6:53  SCV  
  58  6:59  Stimpack  
  58  7:01  Refinery, Marine x2  
  59  7:05  SCV  
  59  7:07  Siege Tank  
  59  7:08  Medivac  
  66  7:18  Marine  
  66  7:19  Marine  
  66  7:20  Missile Turret  
  68  7:36  Marine x2  
  70  7:39  Siege Tank  
  70  7:43  Medivac  
  75  7:44  Medivac  
  75  7:47  Armory  
  75  7:50  Raven  
  79  7:54  Marine x2  
  81  7:59  SCV  
  82  8:11  SCV  
  82  8:12  Marine x2  
  85  8:18  Barracks  
  85  8:34  SCV, Medivac x2  
  85  8:35  Marauder  
  92  8:45  Marine  
  93  9:00  Concussive Shells  
  93  9:01  Marauder, Marine, SCV  
  97  9:03  Marine  
  97  9:06  Supply Depot  
  98  9:13  SCV  
  99  9:19  Marine  
  99  9:21  Marine  
  101  9:27  Thor  
  101  9:28  Marauder  
  109  10:16  Marine x2  
  109  10:17  Marauder  
  109  10:18  Thor  
  109  10:19  Terran Infantry Weapons Level 1  
  119  10:34  Marine x2  
  121  10:38  Marauder  
  121  10:41  Supply Depot  
  123  10:47  Barracks Reactor  
  123  10:52  Marine x2  
  125  10:57  SCV  
  125  10:58  Refinery  
  125  11:01  Siege Tank  
  125  11:02  Viking  
  125  11:03  Supply Depot, Viking  
  133  11:10  Marine x2, SCV  
  136  11:22  SCV  
  137  11:32  Viking x2  
  139  11:33  Siege Tank  
  139  11:34  SCV  
  139  11:38  Marine x2  
  147  11:41  Marine x2  
  147  11:46  SCV  
  150  11:55  Marine  
  150  11:56  Marine  
  150  11:59  Marine x2  
  154  12:02  Viking x2  
  154  12:05  Siege Tank  
  161  12:13  Terran Infantry Armor Level 1, Marine x2  
  163  12:17  Marine x2  
  165  12:39  Supply Depot  
  165  13:00  Marine x4, Medivac x2  
  173  13:06  Supply Depot  
  173  13:13  Thor  
  173  13:17  Terran Vehicle Weapons Level 1  
  173  13:18  Marine x2  
  181  13:27  Marine x2  
  181  13:28  Supply Depot  
  181  13:30  Medivac x2  
  181  13:31  Engineering Bay  
  187  13:36  Marine x2  
  187  13:40  Armory  
  189  13:50  Marine x2  
  189  13:54  Marine x2  
  193  14:00  Medivac x2  
  197  14:07  Hi-Sec Auto Tracking  
  197  14:34  Marine  
  197  14:35  Marine, Medivac x2  
  197  14:37  Thor  
  191  14:47  Command Center  
  184  15:20  Thor  
Show
View Real Time Build Order
Export as new Build Order

JimdiGriz Protoss - Winner!

Build Orders:  

Get SALT Encoding   

  12  0:09  Probe (Chrono Boost)  
  13  0:20  Probe (Chrono Boost)  
  14  0:31  Probe (Chrono Boost)  
  14  0:33  Pylon  
  15  0:42  Pylon  
  15  0:52  Probe (Chrono Boost)  
  16  0:59  Forge  
  16  1:08  Gateway  
  16  1:15  Assimilator, Probe (Chrono Boost)  
  17  1:24  Assimilator  
  17  1:32  Probe (Chrono Boost)  
  18  1:43  Probe (Chrono Boost), Pylon  
  19  1:53  Probe (Chrono Boost)  
  20  1:54  Photon Cannon  
  20  2:01  Cybernetics Core  
  20  3:01  Zealot  
  22  3:28  Zealot  
  22  3:32  Probe (Chrono Boost)  
  25  3:42  Probe (Chrono Boost)  
  26  3:51  Nexus  
  26  3:53  Probe (Chrono Boost)  
  26  3:55  Zealot  
  29  3:56  Assimilator  
  29  4:01  Pylon  
  29  4:07  Assimilator  
  29  4:22  Zealot  
  31  4:33  Stargate  
  31  4:36  Protoss Air Weapons Level 1  
  31  4:40  Protoss Shields Level 1  
  31  4:48  Pylon  
  31  4:49  Zealot  
  33  4:54  Pylon  
  33  5:09  Stargate  
  33  5:21  Pylon  
  33  5:23  Fleet Beacon  
  33  5:29  Cybernetics Core  
  33  5:41  Twilight Council  
  33  5:49  Probe (Chrono Boost)  
  34  6:00  Probe (Chrono Boost)  
  35  6:10  Probe (Chrono Boost)  
  36  6:32  Probe (Chrono Boost)  
  37  6:37  Carrier (Chrono Boost)  
  43  6:42  Probe (Chrono Boost)  
  50  6:48  Carrier (Chrono Boost)  
  50  6:53  Probe (Chrono Boost)  
  51  6:57  Photon Cannon  
  51  6:59  Photon Cannon  
  51  7:06  Photon Cannon  
  51  7:17  Probe  
  52  7:29  Probe  
  53  7:33  Pylon  
  53  7:35  Protoss Air Weapons Level 2  
  53  7:36  Protoss Air Armor Level 1  
  53  7:40  Protoss Shields Level 2  
  53  7:41  Probe  
  54  7:53  Probe  
  55  8:05  Probe  
  56  8:09  Carrier (Chrono Boost)  
  62  8:17  Graviton Catapult  
  61  8:28  Photon Cannon  
  61  8:45  Nexus  
  67  9:25  Carrier (Chrono Boost)  
  67  9:33  Probe  
  68  9:45  Probe  
  67  9:57  Probe  
  67  9:58  Protoss Air Weapons Level 3  
  68  10:04  Protoss Air Armor Level 2  
  68  10:09  Probe  
  68  10:11  Pylon  
  69  10:21  Probe  
  70  10:33  Probe  
  71  10:44  Probe  
  72  10:52  Carrier (Chrono Boost)  
  72  10:54  Probe  
  85  11:04  Carrier (Chrono Boost)  
  85  11:05  Probe  
  86  11:14  Protoss Shields Level 3  
  86  11:15  Probe  
  87  11:30  Assimilator  
  87  11:35  Assimilator  
  87  12:07  Probe  
  88  12:17  Probe  
  89  12:28  Probe  
  90  12:35  Carrier x2 (Chrono Boost)  
  90  12:36  Protoss Air Armor Level 3  
  102  12:38  Probe  
  103  12:49  Probe  
  104  12:55  Pylon  
  104  13:00  Robotics Facility  
  104  13:09  Pylon  
  104  13:14  Stargate  
  104  13:42  Pylon  
  104  13:47  Pylon  
  104  13:49  Observer  
  105  14:00  Carrier x2 (Chrono Boost)  
  123  14:11  Carrier (Chrono Boost)  
Show
View Real Time Build Order
Export as new Build Order

Hartzfear Terran - Winner!

Build Orders: Reaper Expand, MMM Bio 

Get SALT Encoding   

  12  0:01  SCV  
  13  0:16  SCV  
  14  0:37  Supply Depot  
  14  0:41  SCV  
  15  0:48  Supply Depot  
  15  0:57  Refinery  
  15  1:03  Barracks  
  15  1:09  SCV  
  16  1:22  SCV  
  17  1:44  SCV  
  17  1:45  Command Center  
  18  1:50  Reaper  
  19  1:59  Orbital Command  
  19  2:07  Refinery  
  19  2:50  SCV  
  20  2:59  Barracks Reactor  
  20  3:03  Factory  
  20  3:09  Barracks  
  20  3:14  Orbital Command, Barracks  
  20  3:18  SCV  
  21  3:30  SCV  
  22  3:37  Marine x2  
  23  3:42  SCV  
  24  3:48  Factory Reactor  
  24  3:55  SCV  
  25  4:01  Barracks Tech Lab  
  25  4:04  Barracks Tech Lab  
  25  4:07  SCV  
  26  4:18  Marine x2  
  26  4:19  SCV  
  26  4:21  Orbital Command, Marauder  
  26  4:22  Marauder  
  33  4:25  Widow Mine x2  
  33  4:29  Stimpack  
  33  4:30  Combat Shields  
  37  4:44  Command Center  
  37  4:46  SCV  
  38  4:59  SCV  
  39  5:04  Widow Mine  
  39  5:05  Widow Mine  
  43  5:08  Marauder x2, Marine x2  
  49  5:18  Starport  
  49  5:23  SCV  
  49  5:26  Marine  
  49  5:27  Refinery  
  51  5:31  Refinery  
  51  5:35  SCV  
  52  5:47  SCV  
  53  6:02  SCV, Engineering Bay  
  54  6:05  Orbital Command  
  54  6:14  Refinery, SCV, Starport Reactor  
  55  6:24  Barracks x2  
  55  6:25  Marauder  
  57  6:26  Marine, SCV, Barracks  
  57  6:27  Marine  
  57  6:28  Engineering Bay  
  57  6:32  Terran Infantry Weapons Level 1  
  60  6:38  SCV  
  60  6:39  Widow Mine x2  
  63  6:40  Refinery  
  65  6:50  SCV  
  65  6:52  Supply Depot  
  66  6:54  Supply Depot  
  66  6:55  Medivac  
  68  7:03  Medivac  
  70  7:20  Barracks Reactor  
  70  7:21  Barracks Reactor  
  70  7:23  Barracks Reactor  
  70  7:30  Marauder x2, Marine  
  70  7:31  Marine  
  70  7:33  Widow Mine  
  70  7:34  Widow Mine  
  76  7:48  Marine x2  
  78  7:51  SCV  
  79  7:58  Marine  
  79  7:59  Marine x4  
  79  8:02  Widow Mine x2  
  79  8:04  SCV  
  89  8:08  Terran Infantry Armor Level 1  
  89  8:16  Marauder x2, Marine x2, SCV  
  89  8:17  Marine x2  
  98  8:25  Supply Depot  
  98  8:27  Medivac  
  98  8:28  SCV  
  98  8:29  Supply Depot  
  101  8:45  Widow Mine  
  101  8:46  Widow Mine, SCV, Medivac  
  106  9:02  Marine x5  
  107  9:03  Marine x5  
  116  9:20  Marine  
  117  9:41  Marine x3  
  117  9:42  Marine x6  
  117  9:43  Widow Mine x2  
  95  10:00  Marine x8  
  95  10:01  Marine x2  
  105  10:17  Marine  
  105  10:18  Marine x9  
  115  10:31  Medivac  
  117  10:40  Marine x4  
  117  10:41  Marine x2  
  117  10:44  Marine x4  
  117  10:45  Medivac  
  123  10:58  Marine x2  
  123  11:01  Medivac  
  123  11:02  Marine x3  
  123  11:03  Marauder  
  123  11:04  Marauder, Marine  
  134  11:05  Marine  
  136  11:15  Medivac  
  138  11:25  Marauder, Armory  
  140  11:42  Supply Depot  
  140  11:43  Supply Depot  
  140  11:45  Marine  
  141  12:04  Marauder, Marine x8  
  141  12:05  Marauder, Medivac x2  
  141  12:07  Supply Depot x2  
  157  12:28  Marine  
  157  12:29  Marauder x2  
  162  12:32  Supply Depot x2  
  162  12:33  Supply Depot  
  162  12:34  Command Center  
  162  12:44  Terran Infantry Weapons Level 2  
  162  12:45  Terran Infantry Armor Level 2  
  162  12:50  Marauder x2  
  166  12:56  Supply Depot  
  166  13:12  Marauder  
  168  13:14  Terran Vehicle Weapons Level 1  
  168  13:23  Supply Depot  
  170  13:34  Marauder x2, Marine  
  170  13:35  Marine x4  
  177  13:47  Supply Depot  
  179  13:55  Marauder  
  179  13:56  Marauder  
  179  13:59  Marine  
  179  14:00  Marine x7  
  189  14:11  Supply Depot  
  189  14:17  Marauder x2, Marine x2  
  191  14:18  Marine x6  
  169  14:35  Marine x2  
  169  14:36  Supply Depot  
  169  14:38  Marauder x2  
  155  14:45  Marine  
  156  14:46  Marine x5  
  162  14:53  Marine x2  
  162  14:59  Marauder  
  166  15:00  Marauder, Supply Depot  
  166  15:03  Marine x3  
  166  15:04  Marine x3  
  174  15:10  Marine  
  174  15:11  Marine  
  176  15:20  Marine  
  176  15:21  Marine x3  
  178  15:26  Supply Depot  
Show
View Real Time Build Order
Export as new Build Order

Jhyrachy Zerg - Winner!

Build Orders: Hatch First 

Get SALT Encoding   

  12  0:06  Drone  
  13  0:13  Drone  
  14  0:18  Overlord  
  14  0:36  Drone  
  14  0:37  Drone  
  14  0:39  Drone  
  17  0:57  Drone  
  17  1:00  Extractor  
  17  1:01  Hatchery  
  17  1:02  Drone  
  17  1:17  Spawning Pool  
  16  1:27  Drone x2  
  18  1:36  Overlord  
  18  1:50  Drone  
  19  2:05  Metabolic Boost  
  19  2:11  Queen  
  19  2:13  Zergling x4  
  19  2:14  Queen  
  25  2:19  Zergling x4  
  27  2:33  Drone  
  28  2:49  Drone x3  
  31  2:55  Drone  
  32  3:00  Evolution Chamber  
  29  3:23  Drone x6  
  35  3:27  Overlord x3  
  35  3:36  Zerg Melee Weapons Level 1  
  33  3:45  Zergling x6  
  33  3:46  Zergling x2  
  37  3:50  Spine Crawler  
  37  3:54  Spine Crawler  
  30  4:11  Zergling x16  
  30  4:13  Queen  
  31  4:33  Drone x5  
  36  4:48  Lair  
  36  4:49  Extractor  
  36  4:51  Drone  
  36  4:52  Drone x2  
  38  5:01  Drone  
  39  5:25  Drone  
  39  5:26  Drone x6  
  46  5:29  Extractor  
  46  5:31  Extractor  
  46  5:33  Zerg Ground Armor Level 1  
  42  6:03  Drone  
  42  6:04  Drone  
  44  6:05  Drone x5  
  44  6:06  Drone x3  
  44  6:07  Overlord  
  46  6:18  Infestation Pit  
  45  6:57  Spine Crawler  
  45  6:58  Spine Crawler x2  
  42  7:04  Overlord x3  
  42  7:16  Hive  
  42  7:22  Evolution Chamber  
  41  7:28  Baneling Nest  
  40  7:34  Overseer  
  40  7:50  Drone  
  40  7:51  Drone x3  
  43  7:56  Zerg Melee Weapons Level 2  
  43  7:57  Zerg Ground Armor Level 2  
  44  8:00  Pathogen Glands  
  44  8:23  Spine Crawler  
  44  8:24  Spine Crawler  
  42  8:28  Spine Crawler  
  41  8:35  Spine Crawler  
  40  8:44  Ultralisk Cavern  
  39  9:31  Chitinous Plating  
  39  9:35  Ultralisk x3  
  39  9:36  Ultralisk x2  
  75  9:38  Ultralisk  
  75  9:46  Adrenal Glands  
  75  10:05  Drone x2  
  75  10:06  Drone x4  
  81  10:07  Overlord x2  
  81  10:08  Overlord x3  
  81  10:09  Overlord  
  81  10:13  Zerg Melee Weapons Level 3  
  81  10:17  Zerg Ground Armor Level 3  
  81  10:34  Spine Crawler  
  81  10:35  Spine Crawler  
  79  10:40  Spine Crawler  
  79  10:42  Spine Crawler  
  77  10:43  Spine Crawler  
  75  10:57  Spine Crawler  
  74  11:18  Centrifical Hooks  
  74  12:23  Hatchery  
  73  12:34  Burrow  
  73  12:45  Queen  
  75  13:03  Extractor  
  74  13:09  Spire  
  73  13:20  Queen  
  75  13:33  Drone x4  
  75  13:34  Drone x9  
  87  13:35  Drone x3  
  91  14:00  Drone x3  
  91  14:01  Drone  
  95  14:05  Drone x2, Extractor  
  95  14:06  Drone  
  95  14:07  Overlord x4  
  95  14:08  Pneumatized Carapace  
Tags
 
Add a new tag
Caveats
  • Supply blocks, unpowered buildings, or Contaminate may cause inaccurate times.
  • Supply counts are checked every 10 seconds.